 Dungeon Crawl Stone Soup version 0.31-a0-278-g485e682e34 (webtiles) character file.

Game seed: 2037604875815170073

60 GenialerGandalf the Trooper (level 4, -1/40 HPs)
             Began as a Hill Orc Fighter on July 16, 2023.
             Slain by a gnoll
             ... wielding a +0 club
              (7 damage)
             ... on level 2 of the Dungeon.
             The game lasted 00:02:52 (877 turns).

GenialerGandalf the Trooper (Hill Orc Fighter)       Turns: 877, Time: 00:02:53

Health: -1/40      AC:  8    Str: 20    XL:     4   Next: 4%
Magic:  4/4        EV:  9    Int:  8    God:
Gold:   85         SH:  4    Dex: 10    Spells: 3/3 levels left

rFire   . . .        a - +0 war axe
rCold   . . .        c - +0 buckler
rNeg    . . .        b - +0 scale mail
rPois   .            i - +0 helmet
rElec   .            g - scarf {+Inv}
rCorr   .            (no gloves)
SInv    .            (no boots)
Will    .....        (no amulet) Stlth
                     (no ring)
HPRegen 0.26/turn    (no ring)
MPRegen 0.09/turn

%: no passive effects
@: no status effects
A: no striking features
a: Evoke Invisibility


You were on level 2 of the Dungeon.
You visited 1 branch of the dungeon, and saw 2 of its levels.

You collected 85 gold pieces.

Inventory:

Hand Weapons
 a - a +0 war axe (weapon)
Armour
 b - a +0 scale mail (worn)
 c - a +0 buckler (worn)
 e - a +1 cloak
 g - a scarf of invisibility (worn)
 i - a +0 helmet (worn)
Jewellery
 h - a ring of positive energy
Scrolls
 j - a scroll of blinking {unknown}
Potions
 d - a potion of might
 f - a potion of enlightenment {unknown}


   Skills:
 * Level 4.2 Fighting
 * Level 3.8 Axes
 * Level 3.9 Armour
 * Level 3.7 Shields


You had 3 spell levels left.
You didn't know any spells.
Your spell library was empty.

Dungeon Overview and Level Annotations

Branches:
Dungeon (2/15)

Altars:


Message History

A gnoll comes into view. It is wielding a +0 club.
A gnoll comes into view. It is wielding a +0 flail.
There are monsters nearby!
The gnoll shouts!
You hear a shout!
The gnoll hits you with a +0 whip.
You hit the gnoll.
The gnoll is lightly wounded.
A goblin comes into view. It is wielding a +0 dagger.
You block the gnoll's attack.
You hit the gnoll.
The gnoll is severely wounded.
You slash the gnoll! You barely miss the gnoll.
The gnoll hits you with a +0 club. The gnoll hits you with a +0 flail!
You block the gnoll's attack.
You hit the gnoll.
The gnoll is severely wounded.
You barely miss the gnoll. x2; The gnoll closely misses you.
You block the gnoll's attack. The gnoll hits you but does no damage.
You block the gnoll's attack. The gnoll barely misses you.
The gnoll hits you with a +0 whip.
You slash the gnoll!
You kill the gnoll!
You hit the gnoll. You slash the gnoll! The gnoll hits you with a +0 club!
* * * LOW HITPOINT WARNING * * *
The gnoll barely misses you. The gnoll hits you with a +0 club.
* * * LOW HITPOINT WARNING * * *
The gnoll closely misses you.
Things that are here:
a +0 flail; a gnoll corpse You slash the gnoll!
You kill the gnoll!
You hit the goblin. You hit the gnoll but do no damage.
The goblin closely misses you. The gnoll barely misses you.
You have reached level 4!
You hit the gnoll.
The gnoll is almost dead.
You closely miss the goblin. The goblin closely misses you.
The gnoll hits you with a +0 club!
You die...

...........##...)#
.............####...
..#..........######..##
...............)....[..
....................##
#..$....$...........#
####.#.................#
........................
....(..@...............
......gg)...............
#.#.....................
#...#.................
.......................
......##.#.........# #.
...... .......... ##
..... #........ ..####
......


You could see a gnoll and a goblin.

Vanquished Creatures
  2 gnolls (D:2)
  2 adders (D:2)
  An endoplasm (D:1)
  A giant cockroach (D:1)
  3 goblins
  2 hobgoblins (D:1)
  3 jackals (D:1)
  2 quokkas (D:1)
  3 bats (D:1)
  2 frilled lizards
  A rat (D:1)
22 creatures vanquished.

Notes
Turn   | Place    | Note
-------+----------+-------------------------------------------
     0 | D:1      | GenialerGandalf the Hill Orc Fighter began the quest for
                  | the Orb.
     0 | D:1      | Reached XP level 1. HP: 19/19 MP: 1/1
   134 | D:1      | Reached XP level 2. HP: 27/27 MP: 2/2
   695 | D:2      | Reached skill level 4 in Fighting
   695 | D:2      | Reached XP level 3. HP: 33/33 MP: 3/3
   877 | D:2      | Reached XP level 4. HP: 6/40 MP: 4/4
   877 | D:2      | Slain by a gnoll

Illustrated notes

Levels and vault maps discovered:
D:1:      ebering_hopf_link, layout_basic
D:2:      layout_rooms, serial_shops, shop

Skill      XL: |  1  2 |
---------------+-------+-----
Axes           | 3 |  3.8
Fighting       | 4 |  4.2
Armour         | |  3.9
Shields        | |  3.7

Action                     |  1- 3 |  4- 6 || total
---------------------------+-------+-------++-------
  Melee: War axe           |    61 |     1 ||    62
 Armour: Scale mail        |    31 |       ||    31
  Dodge: Dodged            |    40 |     1 ||    41
  Block: Buckler           |    18 |       ||    18

Table legend: (Time is in decaauts)
 A = Elapsed time spent in this place.
 B = Non-inter-level travel time spent in this place.
 C = Inter-level travel time spent in this place.
 D = Time resting spent in this place.
 E = Time spent auto-exploring this place.
 F = Levels seen in this place.
 G = Mean time per level.
                   A        B        C        D        E       F      G
               +--------+--------+--------+--------+--------+-----+--------+
         Total |    900 |    879 |     21 |      0 |    532 |   2 |  450.0 |
       Dungeon |    900 |    879 |     21 |      0 |    532 |   2 |  450.0 |
               +--------+--------+--------+--------+--------+-----+--------+

Top non-repeatable levels by time:
     D:1: 704 daAuts
     D:2: 195 daAuts
